[Event "DVM U12w 2023"]
[Site "Magdeburg"]
[Date "2023.12.30"]
[Round "7"]
[White "Poberezhna, Anna"]
[Black "Nehrukumar, Rithika"]
[Result "0-1"]
[WhiteElo "951"]
[BlackElo "989"]
[PlyCount "64"]
[EventDate "2022.12.27"]
[EventType "team-tourn"]
[EventRounds "7"]
[EventCountry "GER"]
[TimeControl "40/5400+30:1800+30"]
[WhiteClock "1:25:16"]
[BlackClock "1:21:38"]

1. e4 e5 2. Nf3 Nc6 3. Bc4 Bc5 4. O-O d6 5. h3 h6 6. d3 Nf6 7. Be3 Bb6 8. Nc3 Bd4 9. Nb5 Bb6 10. c3 a6 11. Na3 O-O 12. d4 Nxe4 13. Qc2 Bf5 14. Bd3 d5 15. Rad1 exd4 16. cxd4 Re8 17. Rfe1 Ba5 18. Re2 Nb4 19. Qa4 c5 20. dxc5 Nxd3 21. Qb3 Ndxc5 22. Bxc5 Nxc5 23. Rxe8+ Qxe8 24. Qxd5 Rd8 25. Qxc5 Rxd1+ 26. Kh2 Qe2 27. Qxf5 Bc7+ 28. Ne5 Bxe5+ 29. g3 Qf1 30. Qc8+ Kh7 31. Qf5+ g6 32. Qxf7+ Bg7 {[%emt 0:00:15] normal} 0-1

[Event "DVM U12w 2023"]
[Site "Magdeburg"]
[Date "2023.12.30"]
[Round "7"]
[White "Rabus, Luise"]
[Black "Satheesh, Yazhini"]
[Result "1-0"]
[WhiteElo "913"]
[BlackElo "859"]
[PlyCount "61"]
[EventDate "2022.12.27"]
[EventType "team-tourn"]
[EventRounds "7"]
[EventCountry "GER"]
[TimeControl "40/5400+30:1800+30"]
[WhiteClock "1:29:14"]
[BlackClock "1:09:25"]

1. e4 e5 2. Nf3 Nc6 3. Bc4 Bc5 4. d3 Nf6 5. c3 d6 6. O-O Bg4 7. h3 Bh5 8. Re1 O-O 9. Nbd2 h6 10. Nf1 Nd7 11. Ng3 Bg6 12. Nh2 Qf6 13. Be3 Bxe3 14. Rxe3 a6 15. Rf3 Qe7 16. Nf5 Bxf5 17. Rxf5 b5 18. Bb3 Rab8 19. Rf3 Nf6 20. Rg3 Na5 21. Bc2 c6 22. Ng4 Nxg4 23. Qxg4 Qf6 24. Re1 Qg6 25. Qh4 Qe6 26. b4 Qxa2 27. Qxh6 g6 28. Re2 Qa1+ 29. Kh2 Nb7 30. Bb3 Qxc3 31. Rxg6# {[%emt 0:00:12] normal} 1-0

[Event "DVM U12w 2023"]
[Site "Magdeburg"]
[Date "2023.12.30"]
[Round "7"]
[White "Satheesh, Dharshini"]
[Black "Yamshchikova, Oleksandra"]
[Result "1/2-1/2"]
[WhiteElo "871"]
[BlackElo "956"]
[PlyCount "51"]
[EventDate "2022.12.27"]
[EventType "team-tourn"]
[EventRounds "7"]
[EventCountry "GER"]
[TimeControl "40/5400+30:1800+30"]
[WhiteClock "1:01:40"]
[BlackClock "1:26:11"]

1. e4 e5 2. Nf3 Nc6 3. Bc4 Bc5 4. Nc3 Nf6 5. d3 d6 6. h3 Be6 7. Bb5 O-O 8. Bxc6 bxc6 9. O-O h6 10. a3 d5 11. b4 Bb6 12. Bb2 d4 13. Ne2 c5 14. Qd2 c4 15. dxc4 Bxc4 16. Nxe5 Bxe2 17. Qxe2 Re8 18. Nf3 Rxe4 19. Qc4 Qd7 20. Rad1 Rd8 21. c3 d3 22. Qb3 Re6 23. Rd2 Rd6 24. Ne5 Qe7 25. c4 c5 26. Rfd1 {[%emt 0:01:52] normal} 1/2-1/2

[Event "DVM U12w 2023"]
[Site "Magdeburg"]
[Date "2023.12.30"]
[Round "7"]
[White "Rätsch, Elina"]
[Black "Özdemir, Anna Valentina"]
[Result "1/2-1/2"]
[WhiteElo "869"]
[BlackElo "693"]
[PlyCount "69"]
[EventDate "2022.12.27"]
[EventType "team-tourn"]
[EventRounds "7"]
[EventCountry "GER"]
[TimeControl "40/5400+30:1800+30"]
[WhiteClock "1:14:18"]
[BlackClock "1:19:33"]

1. d4 d5 2. Nf3 Nf6 3. e3 Bg4 4. c4 dxc4 5. Bxc4 e6 6. Qb3 Nc6 7. Qxb7 Na5 8. Qb5+ c6 9. Qa4 Rb8 10. Nbd2 Bb4 11. a3 Bd6 12. e4 Bc7 13. e5 Nd7 14. O-O O-O 15. Ne1 Nxc4 16. Qxc4 Nb6 17. Qd3 c5 18. dxc5 Qxd3 19. Nxd3 Nd7 20. f3 Bf5 21. Ne4 Rb3 22. Rd1 h6 23. Nb4 Nxe5 24. Nd2 Rxb4 25. axb4 Bc2 26. Re1 Nd3 27. Re4 Nxc1 28. Rc4 Ne2+ 29. Kf2 Bd3 30. Rxa7 Bb8 31. Rb7 Bxc4 32. Nxc4 Nf4 33. Nb6 Rd8 34. Ke3 Nxg2+ 35. Kf2 {[%emt 0:00:33] normal} 1/2-1/2

[Event "DVM U12w 2023"]
[Site "Magdeburg"]
[Date "2023.12.30"]
[Round "7"]
[White "Gelbach, Amelia"]
[Black "Schmegel, Alina"]
[Result "1-0"]
[WhiteElo "841"]
[BlackElo "892"]
[PlyCount "137"]
[EventDate "2022.12.27"]
[EventType "team-tourn"]
[EventRounds "7"]
[EventCountry "GER"]
[TimeControl "40/5400+30:1800+30"]
[WhiteClock "1:19:25"]
[BlackClock "1:17:51"]

1. e4 e5 2. Nf3 Nc6 3. Nc3 Nf6 4. d4 d6 5. Bg5 h6 6. Bh4 Bg4 7. Be2 Be7 8. h3 Bh5 9. Qd2 d5 10. exd5 Nxd5 11. dxe5 Nxc3 12. Qxd8+ Nxd8 13. bxc3 Bxh4 14. Nxh4 Bxe2 15. Kxe2 O-O 16. Rhe1 Re8 17. Kf1 Nc6 18. Nf3 Rad8 19. Rab1 b6 20. Re2 a5 21. Rbe1 b5 22. a3 b4 23. cxb4 axb4 24. axb4 Nxb4 25. c3 Nd5 26. c4 Nc3 27. Rc2 Na4 28. c5 Re7 29. Ra1 Red7 30. Rxa4 Rd1+ 31. Ne1 Re8 32. Re2 c6 33. g3 Red8 34. Ra6 Rc8 35. Kg2 Rc1 36. Nd3 Rc3 37. Nb4 Rxc5 38. e6 Rb8 39. exf7+ Kxf7 40. Nxc6 g5 41. Nxb8 h5 42. Ra7+ Kg6 43. g4 Rc4 44. gxh5+ Kxh5 45. f3 Rf4 46. Re4 Rf6 47. Nd7 Rf7 48. Kg3 Rg7 49. Nf6+ Kh6 50. Rxg7 Kxg7 51. Ne8+ Kg6 52. Re6+ Kh7 53. Nf6+ Kh8 54. h4 gxh4+ 55. Kxh4 Kg7 56. Nd5 Kh7 57. Kg5 Kg8 58. Kh6 Kf7 59. Ra6 Ke8 60. Ra7 Kd8 61. Kg7 Kc8 62. Rf7 Kb8 63. Kf6 Kc8 64. Ke6 Kb8 65. Kd6 Kc8 66. Rg7 Kb8 67. Kc6 Ka8 68. Kb6 Kb8 69. Rg8# {[%emt 0:00:08] normal} 1-0

[Event "DVM U12w 2023"]
[Site "Magdeburg"]
[Date "2023.12.30"]
[Round "7"]
[White "Strahl, Nele"]
[Black "Gelbach, Julietta"]
[Result "1-0"]
[WhiteElo "783"]
[BlackElo "887"]
[PlyCount "41"]
[EventDate "2022.12.27"]
[EventType "team-tourn"]
[EventRounds "7"]
[EventCountry "GER"]
[TimeControl "40/5400+30:1800+30"]
[WhiteClock "1:22:41"]
[BlackClock "1:25:48"]

1. e4 e5 2. Nf3 Nc6 3. Nc3 Bc5 4. Bc4 Nf6 5. O-O d6 6. Re1 Bg4 7. Be2 h6 8. d3 Qd7 9. Be3 Bxe3 10. fxe3 O-O-O 11. d4 exd4 12. Nxd4 Bxe2 13. Qxe2 Nxd4 14. exd4 a6 15. a4 Rhe8 16. Red1 d5 17. e5 Qc6 18. Qf3 Ne4 19. Qg4+ Rd7 20. Nb5 axb5 21. axb5 {[%emt 0:00:24] normal} 1-0

[Event "DVM U12w 2023"]
[Site "Magdeburg"]
[Date "2023.12.30"]
[Round "7"]
[White "Sauermann, Paula"]
[Black "Piffczyk, Sandra"]
[Result "0-1"]
[WhiteElo "754"]
[BlackElo "1105"]
[PlyCount "134"]
[EventDate "2022.12.27"]
[EventType "team-tourn"]
[EventRounds "7"]
[EventCountry "GER"]
[TimeControl "40/5400+30:1800+30"]
[WhiteClock "0:36:20"]
[BlackClock "0:50:49"]

1. e4 e5 2. d4 exd4 3. c3 Nf6 4. cxd4 Nc6 5. Nc3 Bb4 6. Bc4 O-O 7. Bd2 Nxd4 8. a3 Ba5 9. b4 Bb6 10. Nge2 Nxe2 11. Qxe2 d6 12. O-O Bg4 13. Qe1 Qe7 14. Be2 Bxe2 15. Qxe2 Rfe8 16. Rae1 Rad8 17. Bg5 Qe5 18. Be3 Qxc3 19. Bxb6 axb6 20. h3 Qxa3 21. e5 dxe5 22. Rd1 Rxd1 23. Rxd1 Qxb4 24. Qf3 Rb8 25. Qf5 h6 26. Qxe5 Re8 27. Qxc7 Re1+ 28. Rxe1 Qxe1+ 29. Kh2 Qe4 30. Qxb6 Qc6 31. Qd8+ Kh7 32. Qd3+ g6 33. Qb3 Kg7 34. Qb2 b5 35. g4 Qc4 36. h4 Qxg4 37. Qxb5 Qxh4+ 38. Kg2 Qg5+ 39. Qxg5 hxg5 40. Kg3 Kh6 41. f4 gxf4+ 42. Kxf4 Nh7 43. Kg4 f6 44. Kh4 f5 45. Kg3 g5 46. Kf3 Kh5 47. Kg3 f4+ 48. Kf3 Kh4 49. Kf2 g4 50. Kg2 f3+ 51. Kf2 Kh3 52. Kf1 Kh2 53. Kf2 g3+ 54. Kxf3 g2 55. Kf4 g1=Q 56. Kf5 Qd4 57. Kg6 Qe5 58. Kxh7 Qe6 59. Kg7 Qa6 60. Kf7 Kg3 61. Ke7 Kf4 62. Kd7 Ke5 63. Kc7 Qg6 64. Kd7 Qh6 65. Ke7 Qh7+ 66. Ke8 Ke6 67. Kd8 Qd7# {[%emt 0:01:18] normal} 0-1